 Dungeon Crawl Stone Soup version 0.32-a0-411-g744942f433 (webtiles) character file.

Game seed: 7032832441677404720

24418 pokeman the Eclecticist (level 12, -8/68 (71) HPs)
             Began as a Deep Elf Hedge Wizard on Feb 20, 2024.
             Was an Elder of Vehumet.
             Killed from afar by Jorgrun (23 damage)
             ... with a blast of rock fragments
             ... on level 14 of the Dungeon on Feb 21, 2024.
             The game lasted 00:41:55 (14371 turns).

pokeman the Eclecticist (Deep Elf Hedge Wizard)    Turns: 14371, Time: 00:41:56

HP:   -8/68 (71)    AC: 10    Str:  7    XL:     12   Next: 80%
MP:   45/45         EV: 13    Int: 25    God:    Vehumet [****..]
Gold: 972           SH:  0    Dex: 14    Spells: 20/47 levels left

rFire   + . .        G - +7 flail (heavy)
rCold   . . .        (no shield)
rNeg    . . .        J - +2 robe {rF+}
rPois   .            w - +0 helmet
rElec   .            S - +0 cloak
rCorr   .            m - +0 pair of gloves
SInv    .            y - +1 pair of boots
Will    +....        b - amulet of magic regeneration
Stlth   ++           k - ring of magical power
HPRegen 0.31/turn    F - ring of flight
MPRegen 0.69/turn

%: no passive effects
@: flying, lightly drained
A: no striking features
a: Renounce Religion


You were on level 14 of the Dungeon.
You worshipped Vehumet.
Vehumet was greatly pleased with you.
You visited 2 branches of the dungeon, and saw 15 of its levels.
You also visited: Bailey.

You collected 972 gold pieces.

Inventory:

Hand Weapons
 G - a +7 heavy flail (weapon)
 I - a +2 dagger of venom
Missiles
 Q - 15 curare-tipped darts
Armour
 m - a +0 pair of gloves (worn)
 w - a +0 helmet (worn)
 x - a +0 buckler
 y - a +1 pair of boots (worn)
 J - a +2 robe of fire resistance (worn)
 N - an orb of energy
 S - a +0 cloak (worn)
 T - a +2 leather armour of cold resistance
Jewellery
 a - a ring of willpower
 b - an amulet of magic regeneration (around neck)
 k - a ring of magical power (left hand)
 F - a ring of flight (right hand)
 H - a +4 ring of protection
 O - a +4 ring of protection
 X - an amulet of the acrobat
Wands
 c - a wand of light (2)
 p - a wand of flame (37)
 B - a wand of roots (17)
 M - a wand of mindburst (19)
 V - a wand of paralysis (6)
Scrolls
 f - a scroll of acquirement
 g - 2 scrolls of fog
 h - 2 scrolls of vulnerability
 l - 2 scrolls of immolation
 o - 8 scrolls of teleportation
 s - 4 scrolls of enchant weapon
 u - 2 scrolls of blinking
 v - 4 scrolls of enchant armour
 C - 3 scrolls of silence
 E - 2 scrolls of amnesia
 K - 3 scrolls of poison
 P - 2 scrolls of noise
 U - a scroll of brand weapon
 W - a scroll of fear {unknown}
Potions
 d - a potion of magic
 e - a potion of mutation {unknown}
 i - 2 potions of might {unknown}
 j - 6 potions of haste {unknown}
 n - a potion of berserk rage {unknown}
 r - 4 potions of lignification {unknown}
 t - a potion of heal wounds {unknown}
 z - a potion of resistance {unknown}
 A - 3 potions of enlightenment {unknown}
 D - 6 potions of curing {unknown}
 L - 2 potions of attraction {unknown}
 R - a potion of cancellation {unknown}
Miscellaneous
 q - a condenser vane


   Skills:
 + Level 6.9 Fighting
 - Level 4.1 Armour
 - Level 3.0 Dodging
 - Level 3.0 Stealth
 * Level 18.0 Spellcasting
 + Level 10.8 Conjurations
 - Level 1.1 Summonings
 - Level 1.1 Translocations
 + Level 10.1 Fire Magic
 - Level 2.2 Air Magic
 - Level 1.1 Alchemy
 - Level 1.1 Evocations


You had 20 spell levels left.
You knew the following spells:

 Your Spells              Type           Power      Damage    Failure   Level
a - Magic Dart            Conj           100%       1d8       1%          1
b - Mephitic Cloud        Conj/Alch/Air  46%        N/A       1%          3
c - Call Imp              Summ           56%        N/A       1%          2
d - Blink                 Tloc           56%        N/A       1%          2
e - Ignite Poison         Fire/Alch      50%        N/A       1%          4
f - Flame Wave            Conj/Fire      66%        2d15      1%          4
g - Iskenderun's Battles  Conj           67%        2d12      1%          5
h - Plasma Beam           Fire/Air       26%        2x1d38    7%          6

Your spell library contained the following spells:

 Spells                   Type           Power      Damage    Failure   Level
 Sting                    Conj/Alch      100%       1d9       1%          1
 Cigotuvi's Dreadful Rot  Necr/Alch/Air  56%        N/A       1%          2
 Lesser Beckoning         Tloc           56%        N/A       1%          2
 Inner Flame              Hex/Fire       47%        N/A       1%          3
 Fulminant Prism          Conj/Alch      25%        3d14      1%          4
 Sticky Flame             Fire/Alch      50%        2d9       1%          4
 Arcjolt                  Conj/Air       26%        1d36      1%          5
 Slow                     Hex            88%        N/A       2%          1
 Gell's Gravitas          Tloc           28%        N/A       4%          3
 Teleport Other           Tloc           28%        N/A       4%          3
 Vhi's Electric Charge    Tloc/Air       60%        N/A       11%         4
 Anguish                  Hex/Necr       11%        N/A       22%         4
 Cause Fear               Hex            11%        N/A       22%         4
 Enfeeble                 Hex            11%        N/A       100%        7
 Maxwell's Capacitive Co  Air            16%        ∞         100%        8


Dungeon Overview and Level Annotations

Branches:
Dungeon (14/15)            Temple (1/1) D:6            Lair (0/5) D:8
    Orc (0/2) D:11         Bailey (visited)
 Vaults: D:13-14

Altars:
Ashenzari
Cheibriados
Dithmenos
Elyvilon
Fedhas
Gozag
Hepliaklqana
Kikubaaqudgha
Makhleb
Nemelex Xobeh
Okawaru
Qazlal
Ru
Sif Muna
Trog
Uskayaw
Vehumet
Wu Jian
Xom
Yredelemnul
Zin
The Shining One
Beogh

Shops:
D:1 !   D:7 =

Annotations:
D:9 1 runed translucent door
D:11 1 runed translucent door, Iich's ghost, journeyman DsFi
D:14 Jorgrun; Josephine


Message History

Josephine is engulfed in noxious fumes.
Some rock shatters into small pieces.
Josephine is engulfed in noxious fumes.
Some rock shatters into small pieces.
Josephine points at you and mumbles some strange words.
The ghostly flame explodes!
The ghostly fireball engulfs you!!
You feel drained.
* * * LOW HITPOINT WARNING * * *
You hear a shout!
Casting: Mephitic Cloud (safe; 1% risk of failure)
Confirm with . or Enter, or press ? or * to list all spells.
Aiming: Mephitic Cloud (safe; 1% risk of failure)
Press: ? - help, Shift-Dir - straight line The ball explodes into a vile cloud!
The stinking cloud engulfs Josephine.
Josephine is engulfed in noxious fumes.
Unknown command.
Unknown command.
Casting: Mephitic Cloud (safe; 1% risk of failure)
Confirm with . or Enter, or press ? or * to list all spells.
You blink.
Found a scroll of vulnerability.
You feel ready to blink again.
Found a scroll of teleportation.
Found an escape hatch in the ceiling.
You hear the loud beating of a very distant drum.
You hear a grinding noise.
You hear a grinding noise.
Casting: Blink (safe; 1% risk of failure)
Confirm with . or Enter, or press ? or * to list all spells.
Casting: Plasma Beam (quite dangerous; 7% risk of failure)
Press: ? - help, Dir - look around, f - activate The bolt of lightning hits the wraith!!
You destroy the wraith!
Vehumet accepts your kill.
You feel your power returning.
Unknown command.
You hear a grinding noise.
You hear a grinding noise.
Jorgrun gestures next to you while chanting.
The wall shatters!
The blast of rock fragments hits you!!
You die...

#......#..#......
#....##...#......
#...............
#.....####.....#
#...### ###.
###..#g##
#.....#.#
###....#.##
##.#@....#
#.###.###..# #.#
##.# .# ### ##


You could see Jorgrun.

Vanquished Creatures
  Snorg (D:10)
  A hydra (D:13)
  A rakshasa (D:13)
  6 two-headed ogres
  A catoblepas (D:13)
  A centaur warrior (D:13)
  4 boulder beetles
  Sonja (D:13)
  An orc knight (Bailey)
  3 ugly things
  2 cyclopes (D:13)
  A manticore (D:13)
  4 gargoyles
  An unseen horror (D:13)
  Jeremiah (D:7)
  A kobold demonologist (D:8)
  2 tengu conjurers (D:14)
  2 trolls
  Sigmund (D:5)
  A wyvern (D:9)
  2 wraiths
  11 yaks
  3 shadows
  2 basilisks
  2 steam dragons
  Edmund (D:5)
  3 vampire mosquitoes (D:11)
  3 acid dragons
  Duvessa (D:7)
  A black bear (D:5)
  2 sky beasts
  7 orc warriors
  2 ogres (D:6)
  3 centaurs
  A phantom (D:4)
  19 kobold brigands
  4 bullfrogs (D:7)
  2 scorpions (D:5)
  2 gnoll sergeants (D:9)
  6 wights (D:7)
  Dowan (D:7)
  4 killer bees (D:8)
  6 howler monkeys
  A bullfrog zombie (D:4)
  5 hounds
  8 orc priests
  A gnoll bouda (D:8)
  A scorpion zombie (D:4)
  2 sleepcaps (D:5)
  4 iguanas
  Ijyb (D:3)
  5 orc wizards
  15 gnolls
  7 adders
  3 shadow imps
  4 ufetubi
  5 dart slugs
  31 orcs
  4 ball pythons
  8 endoplasms
  2 giant cockroaches
  9 goblins
  2 hobgoblins (D:4)
  2 quokkas
  5 bats
  2 frilled lizards
  59 kobolds
  7 kobold skeletons (D:8)
  11 kobold zombies (D:8)
  7 rats
335 creatures vanquished.

Vanquished Creatures (collateral kills)
  A sleepcap (D:5)
1 creature vanquished.

Grand Total: 336 creatures vanquished

Notes
Turn   | Place    | Note
-------+----------+-------------------------------------------
     0 | D:1      | pokeman the Deep Elf Hedge Wizard began the quest for the
                  | Orb.
     0 | D:1      | Reached XP level 1. HP: 10/10 MP: 7/7
   192 | D:1      | Reached XP level 2. HP: 16/16 MP: 3/9
   609 | D:1      | Found a faded altar of an unknown god.
   630 | D:1      | Reached skill level 5 in Spellcasting
   705 | D:1      | Found Xuru's Distillery.
   783 | D:1      | Reached XP level 3. HP: 20/20 MP: 9/11
   787 | D:1      | Learned a level 3 spell: Mephitic Cloud
   790 | D:1      | Learned a level 2 spell: Call Imp
   793 | D:1      | Learned a level 2 spell: Blink
  1503 | D:2      | Reached skill level 1 in Armour
  1524 | D:2      | Reached skill level 1 in Fighting
  1696 | D:2      | Reached XP level 4. HP: 17/25 MP: 4/13
  2375 | D:3      | Noticed Ijyb
  2411 | D:3      | Killed Ijyb
  2755 | D:4      | Reached skill level 6 in Spellcasting
  2755 | D:4      | Reached XP level 5. HP: 20/29 MP: 13/15
  2986 | D:4      | Found a hide-covered altar of Uskayaw.
  3068 | D:4      | Found a sparkling altar of Nemelex Xobeh.
  3230 | D:4      | Reached skill level 1 in Air Magic
  3230 | D:4      | Reached skill level 1 in Evocations
  3306 | D:4      | Reached skill level 1 in Alchemy
  3521 | D:4      | Reached XP level 6. HP: 26/34 MP: 14/17
  3627 | D:4      | Found a basalt altar of Yredelemnul.
  3834 | D:4      | Reached skill level 7 in Spellcasting
  4078 | D:5      | Entered Level 5 of the Dungeon
  4191 | D:5      | Reached XP level 7. HP: 28/39 MP: 19/19
  4244 | D:5      | Got the Tractate on Glowing Execration
  4250 | D:5      | Learned a level 4 spell: Ignite Poison
  4263 | D:5      | Reached skill level 1 in Fire Magic
  4393 | D:5      | Reached skill level 8 in Spellcasting
  4851 | D:5      | Noticed Sigmund
  4854 | D:5      | Noticed Edmund
  4859 | D:5      | Killed Sigmund
  4860 | D:5      | Reached skill level 9 in Spellcasting
  4860 | D:5      | Reached XP level 8. HP: 33/44 MP: 13/23
  4878 | D:5      | Killed Edmund
  5463 | D:6      | Reached skill level 5 in Conjurations
  5530 | D:6      | Found a staircase to the Ecumenical Temple.
  5541 | Temple   | Entered the Ecumenical Temple
  5560 | Temple   | Became a worshipper of Vehumet
  5664 | D:6      | Learned a level 4 spell: Flame Wave
  5903 | D:7      | Noticed Duvessa
  5903 | D:7      | Noticed Dowan
  5925 | D:7      | Killed Duvessa
  5926 | D:7      | Reached skill level 10 in Spellcasting
  5928 | D:7      | Killed Dowan
  6079 | D:7      | Reached XP level 9. HP: 48/48 MP: 25/25
  6298 | D:7      | Reached skill level 11 in Spellcasting
  6337 | D:7      | Noticed Jeremiah
  6364 | D:7      | Killed Jeremiah
  6471 | D:7      | Found Aleir's Jewellery Shoppe.
  6508 | D:7      | Reached skill level 5 in Fire Magic
  7177 | D:8      | Found a hazy altar of Hepliaklqana.
  7180 | D:8      | Reached * piety under Vehumet
  7180 | D:8      | Offered knowledge of Shock by Vehumet.
  7482 | D:8      | Reached skill level 12 in Spellcasting
  7520 | D:8      | Noticed a kobold demonologist
  7527 | D:8      | Offered knowledge of Static Discharge by Vehumet.
  7528 | D:8      | Reached ** piety under Vehumet
  7529 | D:8      | Killed a kobold demonologist
  7543 | D:8      | Reached XP level 10. HP: 31/54 MP: 28/28
  7739 | D:8      | Found a staircase to the Lair.
  7772 | D:8      | Found an ancient bone altar of Kikubaaqudgha.
  7856 | D:8      | Offered knowledge of Scorch by Vehumet.
  7865 | D:8      | Reached *** piety under Vehumet
  7936 | D:8      | Found an opulent altar of Gozag.
  8000 | D:9      | Noticed a two-headed ogre
  8038 | D:9      | Noticed a cyclops
  8039 | D:9      | Found a large runed translucent door.
  8040 | D:9      | Found a large runed translucent door.
  8116 | D:9      | Reached skill level 13 in Spellcasting
  8124 | D:9      | Offered knowledge of Volatile Blastmotes by Vehumet.
  8220 | D:9      | Found an iron altar of Okawaru.
  8367 | D:9      | Killed a two-headed ogre
  8443 | D:9      | Found a flagged portal.
  8461 | Bailey   | Entered a bailey
  8498 | Bailey   | Reached **** piety under Vehumet
  8499 | Bailey   | Reached skill level 14 in Spellcasting
  8739 | Bailey   | Noticed an orc knight
  8745 | Bailey   | Killed an orc knight
  8821 | Bailey   | Found a burning altar of Makhleb.
  8911 | D:9      | Noticed a naga warrior
  9102 | D:10     | Entered Level 10 of the Dungeon
  9110 | D:10     | Reached XP level 11. HP: 56/62 MP: 31/31
  9145 | D:10     | Offered knowledge of Iskenderun's Battlesphere by Vehumet.
  9156 | D:10     | Noticed Snorg
  9173 | D:10     | Killed Snorg
  9195 | D:10     | Reached skill level 15 in Spellcasting
  9210 | D:10     | Learned a level 5 spell: Iskenderun's Battlesphere
  9869 | D:11     | Noticed a two-headed ogre
  9874 | D:11     | Killed a two-headed ogre
  9875 | D:11     | Reached skill level 5 in Fighting
  9929 | D:11     | Noticed a boulder beetle
  9943 | D:11     | Noticed a two-headed ogre
  9956 | D:11     | Killed a two-headed ogre
 10201 | D:11     | Found a staircase to the Orcish Mines.
 10225 | D:11     | Noticed a two-headed ogre
 10238 | D:11     | Killed a boulder beetle
 10245 | D:11     | Killed a two-headed ogre
 10245 | D:11     | Reached ***** piety under Vehumet
 10250 | D:11     | Offered knowledge of Plasma Beam by Vehumet.
 10463 | D:11     | Noticed a two-headed ogre
 10469 | D:11     | Killed a two-headed ogre
 10470 | D:11     | Reached skill level 16 in Spellcasting
 10489 | D:11     | Found a runed translucent door.
 10706 | D:11     | Noticed a boulder beetle
 10734 | D:11     | Killed a boulder beetle
 10852 | D:11     | Found a roughly hewn altar of Beogh.
 11028 | D:11     | Noticed a two-headed ogre
 11036 | D:11     | Killed a two-headed ogre
 11360 | D:11     | Noticed Iich's ghost (journeyman DsFi)
 11459 | D:12     | Reached XP level 12. HP: 69/69 MP: 34/34
 11879 | D:13     | Noticed Sonja
 12220 | D:13     | Noticed a boulder beetle
 12274 | D:13     | Killed a boulder beetle
 12275 | D:13     | Reached skill level 10 in Conjurations
 12278 | D:13     | Killed Sonja
 12279 | D:13     | HP: 1/70 [cyclops (29)]
 12512 | D:13     | Noticed a boulder beetle
 12513 | D:13     | Noticed a six-headed hydra
 12516 | D:13     | Noticed a rakshasa
 12526 | D:13     | Killed a six-headed hydra
 12527 | D:13     | Reached skill level 17 in Spellcasting
 12843 | D:13     | Noticed a centaur warrior
 12850 | D:13     | Killed a centaur warrior
 13166 | D:13     | Noticed a catoblepas
 13187 | D:13     | Killed a catoblepas
 13828 | D:13     | Learned a level 6 spell: Plasma Beam
 13831 | D:13     | Killed a rakshasa
 13938 | D:13     | Killed a boulder beetle
 13939 | D:13     | Reached skill level 10 in Fire Magic
 14086 | D:14     | Noticed Jorgrun
 14132 | D:13     | Identified a scroll of acquirement
 14289 | D:14     | Reached skill level 18 in Spellcasting
 14317 | D:14     | Noticed Josephine
 14332 | D:14     | HP: 3/67 [Josephine/ghostly fireball (19)]
 14371 | D:14     | Killed from afar by Jorgrun

Illustrated notes

Levels and vault maps discovered:
D:1:      kilobyte_arrival_exit_the_forest, layout_loops_ring,
          ebering_ecumenical_altar_rust, serial_shops, shop, minivault_23
D:2:      layout_loops_cross, minmay_domino_4
D:3:      layout_rooms, uniq_ijyb
D:4:      layout_loops_ring, lemuel_zombie_altar_yredelemnul,
          grunt_temple_overflow_open
D:5:      layout_rooms, chequers_serial_rivers_micro_c, minivault_1,
          sigmund_edmund_badplayer
D:6:      layout_basic, minmay_temple_entry_hall
D:7:      layout_cave_pods, serial_shops, kennysheep_little_box,
          minmay_fountain_box, corexii_item_surrounded_by_moat, abandoned_shop,
          uniq_duvessa, uniq_jeremiah
D:8:      wander_kiku_kobolds, layout_rooms, grunt_gozag_breadcrumbs,
          nicolae_hepliaklqana_hazy_memory
D:9:      okawaru_arena_lexackson, layout_cross, general_overflow_altar,
          enter_bailey_7, grunt_ministairs_7
D:10:     layout_long_grid, uniq_snorg
D:11:     layout_layer_cave, minmay_orc_entry_temple_small,
          ebering_ghost_reflecting_pool
D:12:     layout_loops_ring
D:13:     layout_roguey, uniq_sonja
D:14:     minmay_glassy_protrusions, layout_layer_cave,
          grunt_vaults_entry_tiered, grunt_decor_junction,
          gauntlet_entry_generic, uniq_lodul, uniq_jorgrun, uniq_josephine
Temple:   nicolae_temple_slightly_damp_pantheon

Skill      XL: |  1  2  3  4  5  6  7  8  9 10 11 12 |
---------------+-------------------------------------+-----
Spellcasting   | 5 6 7 9 10 12 14 16 18 | 18.0
Armour         | 1 2 3 4 |  4.1
Fighting       | 1 2 4 5 6 |  6.9
Conjurations   | 2 3 4 5 7 8 9 10 | 10.8
Stealth        | 3 |  3.0
Dodging        | 3 |  3.0
Air Magic      | 1 2 |  2.2
Evocations     | 1 |  1.1
Alchemy        | 1 |  1.1
Fire Magic     | 2 4 5 7 8 10 | 10.1
Summonings     | |  1.1
Translocations | |  1.1

Action                     |  1- 3 |  4- 6 |  7- 9 | 10-12 || total
---------------------------+-------+-------+-------+-------++-------
  Melee: Dagger            |       |    47 |    27 |    36 ||   110
         Flail             |       |       |    38 |    45 ||    83
   Cast: Magic Dart        |    78 |   143 |   119 |   153 ||   493
         Mephitic Cloud    |       |     5 |    35 |    79 ||   119
         Blink             |       |     1 |       |     6 ||     7
         Call Imp          |       |     2 |     1 |     1 ||     4
         Ignite Poison     |       |       |    17 |    24 ||    41
         Flame Wave        |       |       |    10 |    36 ||    46
         Iskenderun's Batt |       |       |       |    29 ||    29
         Plasma Beam       |       |       |       |     5 ||     5
    Use: Scroll            |       |       |       |    13 ||    13
   Stab: Confused          |       |     1 |     7 |     6 ||    14
         Distracted        |       |     1 |       |       ||     1
         Sleeping          |       |     1 |       |       ||     1
 Armour: Robe              |     8 |    49 |    71 |   150 ||   278
  Dodge: Dodged            |    10 |    43 |    84 |   130 ||   267

Table legend: (Time is in decaauts)
 A = Elapsed time spent in this place.
 B = Non-inter-level travel time spent in this place.
 C = Inter-level travel time spent in this place.
 D = Time resting spent in this place.
 E = Time spent auto-exploring this place.
 F = Levels seen in this place.
 G = Mean time per level.
                   A        B        C        D        E       F      G
               +--------+--------+--------+--------+--------+-----+--------+
         Total |  14469 |  13988 |    481 |   1515 |   9894 |  16 |  904.3 |
       Dungeon |  14030 |  13567 |    463 |   1332 |   9835 |  14 | 1002.1 |
        Temple |     38 |     20 |     18 |      0 |      0 |   1 |   38.0 |
        Bailey |    399 |    399 |      0 |    183 |     59 |   1 |  399.0 |
               +--------+--------+--------+--------+--------+-----+--------+

Top non-repeatable levels by time:
    D:13: 1821 daAuts
     D:7: 1345 daAuts
    D:11: 1337 daAuts
     D:4: 1334 daAuts
     D:1: 1331 daAuts
     D:5: 1153 daAuts
    D:12: 971 daAuts
    D:10: 965 daAuts
     D:8: 922 daAuts
     D:2: 814 daAuts
     D:9: 654 daAuts
     D:3: 600 daAuts
     D:6: 581 daAuts
  Bailey: 399 daAuts
    D:14: 193 daAuts
